 Dungeon Crawl Stone Soup version 0.29-a0-819-g94b489e0ae (console) character file.

Game seed: 10758155776409360112

195 om the Chopper (level 5, -7/46 HPs)
             Began as a Hill Orc Monk on July 6, 2022.
             Splashed by a jelly's acid (10 damage)
             ... on level 3 of the Dungeon.
             The game lasted 00:08:46 (3964 turns).

om the Chopper (Hill Orc Monk)                      Turns: 3964, Time: 00:08:47

Health: -7/46      AC: -3    Str: 16    XL:     5   Next: 74%
Magic:  5/5        EV: 12    Int: 10    God:
Gold:   183        SH:  0    Dex: 13    Spells: 4/4 levels left

rFire   . . .      SeeInvis +   a - +0 hand axe
rCold   . . .      Faith    .   (no shield)
rNeg    . . .      Spirit   .   i - +0 leather armour
rPois   .          Reflect  .   (no helmet)
rElec   .          Harm     .   (no cloak)
rCorr   .          Rampage  .   (no gloves)
Will    .....                   c - +0 pair of boots
Stlth   ++........              (no amulet)
HPRegen 0.15/turn               g - ring of see invisible
MPRegen 0.09/turn               (no ring)

@: corroded
A: no striking features
a: no special abilities


You were on level 3 of the Dungeon.
You visited 1 branch of the dungeon, and saw 4 of its levels.

You collected 183 gold pieces.

Inventory:

Hand Weapons
 a - a +0 hand axe (weapon)
 j - a +0 vampiric whip
Armour
 c - a +0 pair of boots (worn)
 i - a +0 leather armour (worn)
Jewellery
 g - a ring of see invisible (left hand)
Scrolls
 d - a scroll of noise {unknown}
 f - a scroll of immolation {unknown}
 h - 3 scrolls of vulnerability {unknown}
 k - a scroll of amnesia {unknown}
 l - 2 scrolls of blinking {unknown}
 m - 2 scrolls of torment {unknown}
 p - a scroll of magic mapping {unknown}
 q - 2 scrolls of identify
 s - a scroll of teleportation {unknown}
Potions
 b - a potion of resistance
 e - a potion of flight {unknown}
 n - a potion of curing {unknown}
 o - a potion of mutation {unknown}
 r - a potion of magic {unknown}


   Skills:
 + Level 4.1 Fighting
 + Level 5.3 Axes
 * Level 3.8 Armour
 - Level 3.0 Dodging
 - Level 2.0 Stealth


You had 4 spell levels left.
You didn't know any spells.
Your spell library contained the following spells:

 Spells                   Type           Power      Damage    Failure   Level
 Beastly Appendage        Tmut           0%         N/A       41%         1
 Wereblood                Tmut           0%         N/A       56%         2
 Spider Form              Tmut/Pois      0%         N/A       80%         3


Dungeon Overview and Level Annotations

Branches:
Dungeon (4/15)
 Temple: D:4-7

Altars:
Fedhas
Ru

Shops:
D:1 =


Message History

A goblin comes into view. It is wielding a +0 dagger.
A goblin is nearby!
The goblin shouts!
You hear a shout! x7
You hear a shout!
A goblin comes into view. It is wielding a +0 dagger.
You slash the goblin!
You kill the goblin!
A jelly comes into view.
The goblin hits you with a +0 dagger.
Things that are here:
a +0 dagger; 8 gold pieces; a goblin corpse You completely miss the goblin.
A goblin comes into view. It is wielding a +0 dagger.
The goblin hits you but does no damage. The jelly attacks as you move away!
The jelly hits you but does no damage. The goblin attacks as you move away!
The goblin hits you with a +0 dagger.
A kobold comes into view. It is wielding a +3 short sword.
There is a stone staircase leading up here.
The jelly jiggles.
The jelly closely misses you. The goblin hits you with a +0 dagger.
You climb upwards.
There is a stone staircase leading down here.
You hit the jelly. The acid corrodes you!
Your hands burn!
The jelly is moderately wounded.
You hit the goblin but do no damage. The goblin hits you with a +0 dagger.
The jelly hits you.
You are splashed with acid.
You hit the jelly.
Your hands burn!
The jelly is moderately wounded.
You hit the goblin but do no damage. The goblin hits you with a +0 dagger.
The jelly hits you. The acid corrodes you!
You are splashed with acid!
You hit the jelly but do no damage.
Your hands burn!
The jelly is moderately wounded.
You barely miss the goblin. The goblin hits you with a +0 dagger.
The jelly hits you.
* * * LOW HITPOINT WARNING * * *
You are splashed with acid!
* * * LOW HITPOINT WARNING * * *
The jelly attacks as you move away! The jelly hits you.
* * * LOW HITPOINT WARNING * * *
You are splashed with acid!
You die...

.....#.##+##..#.######.####.#.#
.#..............).............#
.#.........##...######.###..###
.#.........##..........#......#
.#.........###...#######.#..#.#
.#.........# #.....# #.#.##.#
.#...).....# #.....# #.#.##.#
.#####'##+## #.....# #.#.##.# .#
#.##.####...#.# #.#.##.# ##
#.........>g..# #.#.##.#
########.##.#.J@#######.#.##.###
#...........#...........#.......
##.######...##.#.######..####.###
...............#.# #..# #.#
...########.####.# #..# #.# ####
#.# #.# #..# #.# #
#.####.######..# #.# #
#.##........#..# #.# #
#.##.#.####.#..# #.# # #.##.#.#
#.#..# #.# # #.##.#.# #.#..# #.#


You could see a jelly and a goblin.

Vanquished Creatures
  3 jellies (D:2)
  An adder (D:3)
  3 worms (D:3)
  A dart slug (D:3)
  An orc (D:3)
  3 bats
  14 endoplasms
  2 giant cockroaches
  7 goblins
  4 hobgoblins (D:1)
  3 jackals (D:1)
  15 kobolds
  5 quokkas
  9 ball pythons
  A frilled lizard (D:2)
  8 rats
80 creatures vanquished.

Vanquished Creatures (others)
  6 fungi (D:2)
  8 toadstools (D:2)
14 creatures vanquished.

Grand Total: 94 creatures vanquished

Notes
Turn   | Place    | Note
-------+----------+-------------------------------------------
     0 | D:1      | om the Hill Orc Monk began the quest for the Orb.
     0 | D:1      | Reached XP level 1. HP: 19/19 MP: 1/1
   104 | D:1      | Reached XP level 2. HP: 27/27 MP: 2/2
   151 | D:1      | Reached skill level 1 in Armour
   855 | D:1      | You fall into a shaft and drop 1 floor!
   886 | D:2      | Reached XP level 3. HP: 28/33 MP: 3/3
  1276 | D:1      | Found Zaro Onau's Jewellery Boutique.
  1974 | D:2      | Reached XP level 4. HP: 36/40 MP: 4/4
  2077 | D:2      | Reached XP level 5. HP: 46/46 MP: 5/5
  2080 | D:2      | Reached skill level 5 in Axes
  2270 | D:3      | Found a blossoming altar of Fedhas.
  2345 | D:3      | Found a sacrificial altar of Ru.
  3274 | D:3      | Found a faded altar of an unknown god.
  3964 | D:3      | Splashed by a jelly's acid

Illustrated notes

Levels and vault maps discovered:
D:1:      noname_arrival_rooms_in_the_neighbourhood, layout_basic, serial_shops,
          nicolae_shop_behind_doors, dk_noncrumbling_3, dk_noncrumbling_2,
          minmay_pentomino_v4
D:2:      cheibrodos_fertilizer, layout_loops_cross,
          nicolae_figureground_sparkle
D:3:      layout_basic, nicolae_ru_sacrificial_ziggurat,
          mainiacjoe_overflow_24_doors, hellmonk_ecumenical_altar_slurped_away
D:4:      layout_basic, uniq_robin, uniq_menkaure, uniq_duvessa, uniq_grinder

Skill      XL: |  1  2  3  4  5 |
---------------+----------------+-----
Armour         | 1 2 3 |  3.8
Stealth        | 2 |  2.0
Fighting       | 4 |  4.1
Axes           | 5 |  5.3
Dodging        | 3 |  3.0

Action                   |  1- 3 |  4- 6 || total
-------------------------+-------+-------++-------
Melee: Hand axe          |   131 |    84 ||   215
       Whip              |    27 |    56 ||    83
       Punch             |       |     1 ||     1
  Use: Potion            |     1 |     4 ||     5
       Scroll            |     2 |     1 ||     3
 Stab: Sleeping          |     1 |     4 ||     5
Armor: Robe              |    15 |       ||    15
       Leather armour    |    24 |    29 ||    53
Dodge: Dodged            |   111 |    65 ||   176

Table legend: (Time is in decaauts)
 A = Elapsed time spent in this place.
 B = Non-inter-level travel time spent in this place.
 C = Inter-level travel time spent in this place.
 D = Time resting spent in this place.
 E = Time spent auto-exploring this place.
 F = Levels seen in this place.
 G = Mean time per level.
                   A        B        C        D        E       F      G
               +--------+--------+--------+--------+--------+-----+--------+
         Total |   3974 |   3863 |    111 |   1177 |   1758 |   4 |  993.5 |
       Dungeon |   3974 |   3863 |    111 |   1177 |   1758 |   4 |  993.5 |
               +--------+--------+--------+--------+--------+-----+--------+

Top non-repeatable levels by time:
     D:3: 1818 daAuts
     D:1: 1384 daAuts
     D:2: 757 daAuts
     D:4: 13 daAuts
